 Dungeon Crawl Stone Soup version 0.26.1-11-gd32895ea62 (webtiles) character file.

Game seed: 15597939944749541310

17446 tardwrangler69 the Spear-Bearer (level 12, 0/107 HPs)
             Began as a Merfolk Gladiator on Apr 27, 2021.
             Was a High Priest of Okawaru.
             Slain by a fire crab (shapeshifter) (7 damage)
             ... on level 11 of the Dungeon.
             The game lasted 00:14:14 (13147 turns).

tardwrangler69 the Spear-Bearer (MfGl)             Turns: 13147, Time: 00:14:15

Health: 0/107      AC:  6    Str: 20    XL:     12   Next: 48%
Magic:  12/12      EV: 29    Int:  9    God:    Okawaru [*****.]
Gold:   356        SH:  5    Dex: 21    Spells: 11/11 levels left

rFire    . . .     SeeInvis .   i - +1 trident (vorpal)
rCold    . . .     Faith    .   (no shield)
rNeg     + . .     Spirit   .   b - +0 leather armour
rPois    .         Reflect  +   O - +1 helmet
rElec    .         Harm     .   c - +0 cloak of Servitude {rN+ Int+2 Dex+6}
rCorr    .         Rampage  .   (no gloves)
Will     .....                  (no boots)
Stlth    ++........             A - amulet of reflection
HPRegen  0.27/turn              x - +4 ring of slaying
MPRegen  0.13/turn              l - +4 ring of evasion

@: no status effects
A: change form in water, swift swim, stealthy swim
a: Renounce Religion, Heroism, Finesse


You were on level 11 of the Dungeon.
You worshipped Okawaru.
Okawaru was extremely pleased with you.
You visited 1 branch of the dungeon, and saw 11 of its levels.

You collected 528 gold pieces.
You spent 172 gold pieces at shops.

Inventory:

Hand Weapons
 i - a +1 vorpal trident (weapon)
Missiles
 d - 5 throwing nets (quivered)
 v - 44 poisoned darts
 N - 6 javelins
Armour
 b - a +0 leather armour (worn)
 c - the +0 cloak of Servitude (worn) {rN+ Int+2 Dex+6}
   (Okawaru gifted it to you on level 11 of the Dungeon)

   It affects your intelligence (+2).
   It affects your dexterity (+6).
   It protects you from negative energy.
 O - a +1 helmet (worn)
Jewellery
 g - an uncursed ring of protection from fire
 l - a +4 ring of evasion (right hand)
 m - an uncursed ring of ice
 o - a +6 ring of strength
 s - an uncursed amulet of the acrobat {unknown}
 x - a +4 ring of slaying (left hand)
 A - an amulet of reflection (around neck)
 H - an uncursed ring of flight
 L - an uncursed amulet of faith {unknown}
Wands
 u - a wand of enslavement (8)
 D - a wand of disintegration (27)
 J - a wand of digging (2)
Scrolls
 a - a scroll of fear {unknown}
 j - 12 scrolls of identify {unknown}
 n - a scroll of magic mapping {unknown}
 p - 4 scrolls of immolation {unknown}
 q - a scroll of silence {unknown}
 t - 5 scrolls of teleportation
 w - a scroll of enchant armour {unknown}
 y - 2 scrolls of fog
 B - 3 scrolls of blinking
 C - 2 scrolls of remove curse
 F - a scroll of random uselessness {unknown}
 G - 3 scrolls of holy word {unknown}
 I - 4 scrolls of amnesia {unknown}
Potions
 e - a potion of ambrosia
 f - a potion of haste
 h - 2 potions of curing
 k - 4 potions of attraction
 r - 2 potions of resistance
 z - 2 potions of might {unknown}
 E - a potion of berserk rage {unknown}
 K - 3 potions of mutation {unknown}
 M - a potion of brilliance {unknown}


   Skills:
 + Level 14.1 Fighting
 - Level 14.4 Polearms
 - Level 2.0 Throwing
 + Level 14.4 Dodging


You had 11 spell levels left.
You didn't know any spells.
Your spell library contained the following spells:

 Spells                   Type           Power        Failure   Level
 Animate Skeleton         Necr           0%           43%         1
 Beastly Appendage        Tmut           0%           43%         1
 Magic Dart               Conj           0%           43%         1
 Pain                     Necr           0%           43%         1
 Blink                    Tloc           N/A          58%         2
 Call Imp                 Summ           0%           58%         2
 Slow                     Hex            0%           58%         2
 Wereblood                Tmut           0%           58%         2
 Conjure Flame            Conj/Fire      0%           82%         3
 Mephitic Cloud           Conj/Pois/Air  0%           82%         3
 Spider Form              Tmut/Pois      0%           82%         3
 Vampiric Draining        Necr           0%           82%         3
 Animate Dead             Necr           0%           99%         4
 Ice Form                 Ice/Tmut       0%           99%         4
 Agony                    Necr           0%           100%        5
 Blade Hands              Tmut           0%           100%        5


Dungeon Overview and Level Annotations

Branches:
Dungeon (11/15)            Temple (0/1) D:7            Lair (0/6) D:9
    Orc: D:9-12

Altars:
Ashenzari
Dithmenos
Elyvilon
Gozag
Hepliaklqana
Nemelex Xobeh
Okawaru
Qazlal
Sif Muna
Vehumet
Yredelemnul
Zin
The Shining One

Shops:
D:7 =   D:8 ?   D:9 ?*

Annotations:
D:3 2 transporters
D:8 exclusion: statue
D:10 2 transporters, Tirrikindir's ghost, novice OpFi


Message History

You are too injured to fight recklessly!
You're standing in a cloud of flame!
You hit the fire crab but do no damage.
The fire crab is severely wounded.
You are engulfed in blazing flames.
The fire crab breathes flames at you. The blast of flame misses you.
You puncture the fire crab!
The fire crab is almost dead.
You are engulfed in blazing flames.
You barely miss the fire crab.
The fire crab is almost dead.
You are engulfed in blazing flames.
* * * LOW HITPOINT WARNING * * *
The fire crab bites you.
* * * LOW HITPOINT WARNING * * *
You are engulfed in flames!
* * * LOW HITPOINT WARNING * * *
The fire crab claws you!
You die...

##...#....##.# ###...##...#
#. ######..####.# ###..)...#
#. ##....####..## ###....##
#. ##..#####..### ###...###
#. ######..#..#####
###.).###. #####..#..#.###.
.######.....
##..#..#..#.###° ##
..Zl#####...
#.##..#..#..###°#t#
Z######...#.
#.#####..#..####@#
###...###.
##)######...###°#°#
###...### #.
##..†.####..###°######....##
#.
####.#..######°#####......#
#.
##..##.#.###..####........#
#.
##.#..#..#†.####...####...#
#. ###.##.##.####.....#
#...# #.
##.#.##.####....#.## #...#
#. ###.#.####........# #...#
#.


You could see a fire crab.

Vanquished Creatures
  Harold (D:9)
  Fannar (D:11)
  A boulder beetle (D:11)
  A hydra (D:11)
  Erica (D:9)
  7 two-headed ogres
  Urug (D:10)
  A cyclops (D:11)
  2 ugly things
  A centaur zombie (D:9)
  Maurice (D:9)
  A gargoyle (D:11)
  A komodo dragon (D:9)
  2 ice devils (D:11)
  A troll (D:11)
  2 humans (D:11)
  A wraith (D:9)
  Menkaure (D:6)
  A soldier ant (D:11)
  2 orc warriors
  2 black bears
  A hornet zombie (D:11)
  4 sky beasts
  3 eyes of draining
  4 phantoms
  3 necrophages (D:11)
  2 ogres
  4 centaurs
  Blork the orc (D:6)
  3 big kobolds
  5 bullfrogs (D:11)
  A scorpion (D:9)
  A water moccasin skeleton (D:7)
  5 killer bees (D:11)
  7 wights
  4 howler monkeys
  5 hounds
  3 jellies
  A quasit (D:10)
  A bullfrog zombie (D:9)
  6 orc priests
  3 centaur skeletons
  2 bullfrog skeletons
  Terence (D:2)
  9 orc wizards
  2 iguanas (D:9)
  8 worker ants
  A killer bee zombie (D:4)
  A hound zombie (D:11)
  A hound skeleton (D:9)
  2 worker ant zombies (D:11)
  4 gnolls
  14 adders
  3 shadow imps
  A white imp (D:7)
  2 ufetubi (D:9)
  An ooze (D:6)
  An adder zombie (D:9)
  A worm (D:2)
  2 dart slugs
  5 leopard geckos
  42 orcs
  A ball python (D:1)
  A giant cockroach (D:6)
  4 goblins
  6 hobgoblins
  7 jackals
  27 kobolds
  5 quokkas
  5 bats
  5 frilled lizards
  A quokka zombie (D:7)
  10 rats
274 creatures vanquished.

Vanquished Creatures (others)
  A meliai zombie (D:11)
  A hound skeleton (D:11)
  4 plants (D:9)
6 creatures vanquished.

Grand Total: 280 creatures vanquished

Notes
Turn   | Place    | Note
-------+----------+-------------------------------------------
     0 | D:1      | tardwrangler69 the Merfolk Gladiator began the quest for
                  | the Orb.
     0 | D:1      | Reached XP level 1. HP: 16/16 MP: 1/1
   120 | D:1      | Reached XP level 2. HP: 22/23 MP: 2/2
   249 | D:1      | Reached skill level 5 in Polearms
   910 | D:1      | Reached XP level 3. HP: 28/28 MP: 3/3
  1532 | D:2      | Reached XP level 4. HP: 35/35 MP: 4/4
  1594 | D:2      | Noticed Terence
  1609 | D:2      | Killed Terence
  1706 | D:2      | Found a shimmering blue altar of Sif Muna.
  1793 | D:3      | Found a basalt altar of Yredelemnul.
  1904 | D:3      | Found a transporter.
  2023 | D:3      | Found a hazy altar of Hepliaklqana.
  2103 | D:3      | Reached XP level 5. HP: 41/41 MP: 5/5
  2211 | D:3      | Found a transporter.
  2633 | D:4      | Got a faintly glowing jade amulet
  2950 | D:4      | Reached XP level 6. HP: 47/48 MP: 6/6
  3469 | D:5      | Entered Level 5 of the Dungeon
  4045 | D:5      | Reached XP level 7. HP: 52/55 MP: 7/7
  4197 | D:5      | Reached skill level 5 in Fighting
  4401 | D:5      | Identified the amulet "Duychiqe" {Faith rN+} (You found it
                  | on level 4 of the Dungeon)
  4549 | D:6      | Noticed Blork the orc
  4552 | D:6      | Noticed Menkaure
  4586 | D:6      | Killed Blork the orc
  4587 | D:6      | Reached skill level 10 in Polearms
  4597 | D:6      | Killed Menkaure
  4615 | D:6      | Reached XP level 8. HP: 47/64 MP: 8/8
  4917 | D:6      | Found a broken altar of Ashenzari.
  5078 | D:6      | Found a glowing silver altar of Zin.
  6119 | D:7      | Found a glowing golden altar of the Shining One.
  6139 | D:7      | Found Ymiliura's Jewellery Shop.
  6142 | D:7      | Found an iron altar of Okawaru.
  6146 | D:7      | Became a worshipper of Warmaster Okawaru
  6185 | D:7      | Found a staircase to the Ecumenical Temple.
  6394 | D:7      | Reached XP level 9. HP: 35/72 MP: 9/9
  6621 | D:8      | Found Gyasaass's Magic Scroll Boutique.
  6630 | D:8      | Bought a scroll of teleportation for 39 gold pieces
  6630 | D:8      | Bought a scroll of blinking for 97 gold pieces
  6664 | D:8      | Noticed Harold
  7183 | D:8      | Noticed a two-headed ogre
  7197 | D:8      | Killed a two-headed ogre
  7197 | D:8      | Reached * piety under Okawaru
  7481 | D:8      | Found an opulent altar of Gozag.
  7483 | D:8      | Found a stormy altar of Qazlal.
  7831 | D:8      | Reached skill level 5 in Dodging
  7831 | D:8      | Found a radiant altar of Vehumet.
  8003 | D:9      | Found Ethraq's General Store.
  8109 | D:9      | Found a staircase to the Lair.
  8170 | D:9      | Noticed a two-headed ogre
  8171 | D:9      | Found Poinoe Buag's Magic Scroll Shoppe.
  8189 | D:9      | Killed a two-headed ogre
  8189 | D:9      | Reached ** piety under Okawaru
  8190 | D:9      | Reached XP level 10. HP: 67/83 MP: 10/10
  8322 | D:9      | Reached *** piety under Okawaru
  8463 | D:9      | Noticed Erica
  8470 | D:9      | Killed Erica
  8471 | D:9      | Reached skill level 10 in Fighting
  8531 | D:9      | Noticed Maurice
  8546 | D:9      | Killed Maurice
  8566 | D:9      | Killed Harold
  8857 | D:9      | Found a shadowy altar of Dithmenos.
  8869 | D:9      | Noticed a two-headed ogre
  8878 | D:9      | Killed a two-headed ogre
  8878 | D:9      | Reached **** piety under Okawaru
  8879 | D:9      | Reached skill level 10 in Dodging
  8879 | D:9      | Reached XP level 11. HP: 93/93 MP: 8/11
  8993 | D:9      | Bought a scroll of teleportation for 36 gold pieces
  9085 | D:9      | Found a white marble altar of Elyvilon.
  9085 | D:9      | Found a sparkling altar of Nemelex Xobeh.
  9463 | D:10     | Entered Level 10 of the Dungeon
  9465 | D:10     | Noticed Tirrikindir's ghost (novice OpFi)
  9489 | D:10     | Found a transporter.
  9777 | D:10     | Noticed a two-headed ogre
  9787 | D:10     | Killed a two-headed ogre
  9787 | D:10     | Reached ***** piety under Okawaru
  9821 | D:10     | Noticed a purple ugly thing
  9837 | D:10     | Killed a purple ugly thing
 10426 | D:10     | Noticed a two-headed ogre
 10436 | D:10     | Killed a two-headed ogre
 10695 | D:10     | Found a transporter.
 10711 | D:10     | Noticed Urug
 10735 | D:10     | Killed Urug
 11146 | D:11     | Noticed a two-headed ogre
 11165 | D:11     | Killed a two-headed ogre
 11165 | D:11     | Received a gift from Okawaru
 11188 | D:11     | Got a smoking cloak {god gift}
 11200 | D:11     | Identified the +0 cloak of Servitude {rN+ Int+2 Dex+6}
                  | (Okawaru gifted it to you on level 11 of the Dungeon)
 11450 | D:11     | Found a frozen archway.
 11812 | D:11     | Found an iron altar of Okawaru.
 11983 | D:11     | Noticed Fannar
 12043 | D:11     | Killed Fannar
 12367 | D:11     | Reached XP level 12. HP: 105/105 MP: 12/12
 12416 | D:11     | Noticed a five-headed hydra
 12427 | D:11     | Killed a five-headed hydra
 12466 | D:11     | Noticed a boulder beetle
 12491 | D:11     | Killed a boulder beetle
 12732 | D:11     | Noticed a two-headed ogre
 12746 | D:11     | Killed a two-headed ogre
 13147 | D:11     | Slain by a fire crab (shapeshifter)

Illustrated notes

Levels and vault maps discovered:
D:1:      dpeg_arrival_ratfight, layout_loops_ring, serial_rivers,
          chequers_serial_rivers_room_b, chequers_serial_rivers_room_a,
          chequers_serial_rivers_micro_e, chequers_serial_rivers_micro_e,
          chequers_serial_rivers_micro_a, chequers_serial_rivers_micro_d
D:2:      layout_basic, led_sif_pool, uniq_terence
D:3:      gammafunk_steamed_eel, layout_basic, lemuel_crystal_altar,
          lemuel_doored_altar, chequers_avenue, grunt_decor_one_mirror
D:4:      layout_basic
D:5:      layout_basic
D:6:      layout_basic, lemuel_coloured_pillars_altar, general_overflow_altar,
          uniq_menkaure, uniq_blork_the_orc
D:7:      layout_rooms, kennysheep_mini_moat, overflow_temple_1_default,
          minmay_temple_entry_proselytizer, serial_shops, shop,
          hangedman_decor_push
D:8:      layout_basic, vehumet_statue, grunt_qazlal_sundering,
          nicolae_overflow_hidden_temple, serial_shops, nicolae_shop_waterfront,
          lemuel_another_geyser, uniq_harold
D:9:      layout_roguey, nicolae_dithmenos_the_darkroom,
          gammafunk_temple_overflow_elements, david_lair_shrubbed, serial_shops,
          shop, shop, uniq_erica, uniq_maurice
D:10:     layout_long_grid, gammafunk_ghost_stat_death, uniq_urug
D:11:     minmay_the_grid_triangle_9x9_recursive_3
          [minmay_the_grid_triangle_9x9_odd_lines,
          minmay_the_grid_triangle_9x9_intruding_spiral,
          minmay_the_grid_triangle_9x9_corruption,
          minmay_the_grid_triangle_9x9_prize_special,
          minmay_the_grid_triangle_9x9_alien,
          minmay_the_grid_triangle_9x9_pentomino_pain,
          minmay_the_grid_triangle_9x9_semitri,
          minmay_the_grid_triangle_9x9_zippers_vertical,
          minmay_the_grid_triangle_9x9_negative_grid], layout_long_grid,
          portal_ice_cave_demonic_guard, okawaru_humans, uniq_fannar

Skill      XL: |  1  2  3  4  5  6  7  8  9 10 11 12 |
---------------+-------------------------------------+-----
Polearms       | 5 6 7 8 9 11 13 14 | 14.4
Fighting       | 3 4 5 7 9 11 13 14 | 14.1
Dodging        | 7 10 13 14 | 14.4
Throwing       | |  2.0

Action                   |  1- 3 |  4- 6 |  7- 9 | 10-12 || total
-------------------------+-------+-------+-------+-------++-------
Melee: Trident           |   127 |   191 |   320 |   565 ||  1203
       Punch             |       |       |       |     2 ||     2
Invok: Heroism           |       |       |       |    12 ||    12
       Finesse           |       |       |       |     1 ||     1
  Use: Scroll            |     3 |       |       |     2 ||     5
       Potion            |       |       |    10 |     3 ||    13
 Stab: Sleeping          |     1 |     3 |     2 |     2 ||     8
       Distracted        |       |       |       |     2 ||     2
Armor: Leather armour    |    19 |    12 |    31 |    20 ||    82
       Skin              |       |       |    24 |       ||    24
Dodge: Dodged            |    76 |   118 |   155 |   245 ||   594
Block: Other             |       |       |     1 |    56 ||    57
       Reflection        |       |       |       |     6 ||     6
